 Dungeon Crawl Stone Soup version 0.19-a0-994-g3c636f0 (webtiles) character file.

83 Goblin1989 the Sneak (level 4, -2/23 HPs)
             Began as a Vine Stalker Assassin on July 16, 2016.
             Slain by a gnoll
             ... wielding a +0 spear
              (10 damage)
             ... on level 3 of the Dungeon.
             The game lasted 00:03:08 (1846 turns).

Goblin1989 the Sneak (Vine Stalker Assassin)        Turns: 1846, Time: 00:03:09

Health: -2/23      AC:  3    Str: 14    XL:     4   Next: 44%
Magic:  0/5        EV: 12    Int: 11    God:
Gold:   97         SH:  0    Dex: 16    Spells: 0 memorised, 3 levels left

rFire  . . .     SeeInvis .     a - +2 dagger
rCold  . . .     Gourm    .     c - +0 robe
rNeg   . . .     Faith    .     (no shield)
rPois  .         Spirit   +     (no helmet)
rElec  .         Dismiss  .     d - +0 cloak
rCorr  .         Reflect  .     (no gloves)
SustAt .         Harm     .     (no boots)
MR     .....                    (no amulet)
Stlth  +++.......               (no ring)
                                (no ring)

@: drained, not resistant to hostile enchantments, fairly stealthy
A: fangs 2, regeneration 1, magic shield, antimagic bite, no device heal 3, rot
immunity
a: no special abilities


You were on level 3 of the Dungeon.
You were not hungry.

You visited 1 branch of the dungeon, and saw 3 of its levels.

You collected 97 gold pieces.

Inventory:

Hand Weapons
 a - a +2 dagger (weapon)
 b - a +0 blowgun
 n - a +0 short sword of draining
Missiles
 e - 8 poisoned needles
 f - 2 curare-tipped needles
Armour
 c - a +0 robe (worn)
 d - a +0 cloak (worn)
Jewellery
 m - an uncursed ring of positive energy {unknown}
Scrolls
 h - a scroll of enchant weapon {unknown}
 j - 4 scrolls of identify {unknown}
 l - a scroll of teleportation {unknown}
 o - a scroll of amnesia {unknown}
 q - a scroll of noise {unknown}
Potions
 i - a potion of haste {unknown}
 k - 2 potions of heal wounds {unknown}
Comestibles
 g - 2 bread rations
 p - a chunk of flesh


   Skills:
 - Level 1.7(1.5) Fighting
 * Level 3.3(3.1) Short Blades
 - Level 1.7(1.5) Throwing
 + Level 1.0(0.8) Dodging
 + Level 5.9(5.6) Stealth


You had 3 spell levels left.
You didn't know any spells.

Dungeon Overview and Level Annotations

Branches:
Dungeon (3/15)

Altars:
Sif Muna


Innate Abilities, Weirdness & Mutations

You have extremely sharp teeth.
Your natural rate of healing is unusually fast.
When hurt, damage is shared between your health and your magic reserves.
Your bite disrupts and absorbs the magic of your enemies.
Potions and wands cannot restore your health.
You are immune to rotting.


Message History

The orc hits you.
You are too injured to fight recklessly!
You take 9 damage, and have 11/23 hp.
MASSIVE DAMAGE!!
You now have 4/5 mp.
You are too injured to fight recklessly!
You are too injured to fight recklessly!
You are too injured to fight recklessly!
You are too injured to fight recklessly!
You are too injured to fight recklessly!
You are too injured to fight recklessly!
You are too injured to fight recklessly!
You are too injured to fight recklessly!
You are too injured to fight recklessly!
The orc hits you but does no damage.
The gnoll hits you from afar with a spear.
The orc hits you but does no damage.
You take 3 damage, and have 10/23 hp.
You now have 2/5 mp.
The gnoll closely misses you. The orc hits you.
You take 2 damage, and have 8/23 hp.
The gnoll hits you from afar with a spear!
You die... .....# .g..# .. ogo#

... og###
...####g#<#
.......g#.#
#......g#.#
#.......#.# .##
......g.#@###.....
......ggo.........
......#......#....
......#......# .
......#.######
.........
####..... #.....
#......


You could see 2 gnolls and an orc.

Vanquished Creatures
  2 adders (D:2)
  A gnoll (D:2)
  A dart slug (D:2)
  2 giant geckos
  An orc (D:3)
  A ball python (D:2)
  A giant cockroach (D:2)
  4 goblins
  8 hobgoblins
  5 jackals
  4 kobolds
  2 quokkas (D:2)
  6 bats
  4 giant newts (D:2)
  5 rats
47 creatures vanquished.

Notes
Turn   | Place    | Note
-------+----------+-------------------------------------------
     0 | D:1      | Goblin1989 the Vine Stalker Assassin began the quest for the Orb.
     0 | D:1      | Reached XP level 1. HP: 11/11 MP: 2/2
   141 | D:1      | Reached skill level 5 in Stealth
   205 | D:1      | Reached XP level 2. HP: 15/15 MP: 3/3
   897 | D:2      | Reached XP level 3. HP: 18/18 MP: 4/4
  1214 | D:2      | Found a deep blue altar of Sif Muna.
  1302 | D:2      | Reached XP level 4. HP: 8/23 MP: 2/5
  1518 | D:2      | Reached skill level 1 in Dodging
  1846 | D:3      | Slain by a gnoll

Vault maps used:
D:1:      lemuel_arrival_river_bridge
D:2:      overflow_temple_1_default, first_bread, minmay_cupped
D:3:      serial_corexii_hall, corexii_hall_statues_s, corexii_hall_statues_u,
          uniq_crazy_yiuf_cottage

Skill      XL: |  1  2  3  4 |
---------------+-------------+-----
Short Blades   | 2 3 |  3.3
Stealth        | 5 |  5.9
Dodging        | 1 |  1.0
Fighting       | |  1.7
Throwing       | |  1.7

Action                   |  1- 3 |  4- 6 || total
-------------------------+-------+-------++-------
Melee: Dagger            |    96 |    19 ||   115
       Bite              |    22 |     5 ||    27
       Short sword       |     9 |       ||     9
 Fire: Blowgun           |     2 |     3 ||     5
 Stab: Sleeping          |     7 |       ||     7
  Eat: Chunk             |     1 |     2 ||     3
Armor: Robe              |    32 |     6 ||    38
Dodge: Dodged            |    74 |    12 ||    86
